 Dungeon Sprint DCSS version 0.21.1-1-g345015fe64 (webtiles) character file.

713810 Groucho the Halfling Catapult (level 26, 217/217 HPs)
             Began as a Halfling Wanderer on Mar 29, 2018.
             Was the Champion of Qazlal.
             Escaped with the Orb!
             The game lasted 00:46:53 (8284 turns).

Groucho the Halfling Catapult (Halfling Wanderer)   Turns: 8284, Time: 00:46:53

Health: 217/217    AC: 49    Str: 30    XL:     26   Next: 24%
Magic:  54/54      EV: 27    Int:  9    God:    Qazlal [******]
Gold:   7          SH: 51    Dex: 24    Spells: 79/79 levels left

rFire    + . .     SeeInvis +   E - +9 fustibalus (flame)
rCold    + . .     Gourm    .   H - +18 shield of the Gong {rElec rN+ MR+ EV-5}
rNeg     + + .     Faith    .   D - +12 gold dragon scales
rPois    +         Spirit   .   X - +2 helmet {SInv}
rElec    +         Reflect  +   U - +0 cloak {rPois}
rCorr    .         Harm     .   (no gloves)
MR       +++..     NoTele   +   N - +2 pair of boots {run}
Stlth    ..........             Y - +4 amulet of reflection
HPRegen  0.46/turn              Q - ring of Lies {+Blink MR+ Str+6}
MPRegen  0.34/turn              O - ring of the Oligarchy {rN+ Str+4 Dex+4}

@: repel missiles, quick
A: small, mutation resistance 1
0: Orb of Zot
a: Upheaval, Elemental Force, Disaster Area, Renounce Religion, Evoke Blink


You escaped.
You worshipped Qazlal.
Qazlal was exalted by your worship.
You were not hungry.

You visited 1 branch You collected 7 gold pieces.

Inventory:

Hand Weapons
 E - a +9 fustibalus of flaming (weapon)
 I - the +8 lance "Wyrmbane" {slay drac, rPois rF+ rC+ AC+3}
   (You found it in the Dungeon)

   It affects your AC (+3).
   It protects you from fire.
   It protects you from cold.
   It protects you from poison.
 J - the +6 shillelagh "Devastator" {shatter}
   (You found it in the Dungeon)
 W - the +9 hunting sling of Risk Management {freeze, rN+}
   (You found it in the Dungeon)

   It causes projectiles fired from it to freeze those they strike, causing
   extra injury to most foes and up to half again as much damage against
   particularly susceptible opponents.
   They can also slow down cold-blooded creatures.
   It protects you from negative energy.
Missiles
 F - 949 sling bullets (quivered)
Armour
 D - +12 gold dragon scales (worn)
 G - the +15 Maxwell's patent armour {-Cast -Tele rElec MR+ rCorr}
   (You found it in the Dungeon)

   It insulates you from electricity.
   It affects your resistance to hostile enchantments.
   It prevents spellcasting.
   It prevents most forms of teleportation.
   It protects you from acid and corrosion.
 H - the +18 shield of the Gong (worn) {rElec rN+ MR+ EV-5}
   (You found it in the Dungeon)

   It affects your evasion (-5).
   It insulates you from electricity.
   It protects you from negative energy.
   It affects your resistance to hostile enchantments.
 N - a +2 pair of boots of running (worn)
 T - the +3 hat of Pondering {ponderous, MR+ MP+10 Int+5}
   (You found it in the Dungeon)

   It affects your intelligence (+5).
   It affects your resistance to hostile enchantments.
   It affects your magic capacity (+10).
 U - a +0 cloak of poison resistance (worn)
 X - a +2 helmet of see invisible (worn)
Jewellery
 x - an uncursed ring of protection from fire
 z - the ring of Dithmenos's Hope {rElec rN++ MP+9 Str-2 Dex+2}
   (You found it in the Dungeon)

   [ring of magical power]

   It affects your strength (-2).
   It affects your dexterity (+2).
   It insulates you from electricity.
   It greatly protects you from negative energy.
   It affects your magic capacity (+9).
 A - the ring of Huq Fac Juz {Str-4 Int+4 Slay+5 SInv}
   (You found it in the Dungeon)

   [ring of see invisible]

   It affects your strength (-4).
   It affects your intelligence (+4).
   It affects your accuracy and damage with ranged weapons and melee attacks
   (+5).
   It lets you see invisible.
 B - a +2 ring of strength
 C - the ring of the Past {Str+4 Int+2 Dex+3}
   (You found it in the Dungeon)

   [ring of intelligence]

   It affects your strength (+4).
   It affects your intelligence (+2).
   It affects your dexterity (+3).
 K - an uncursed ring of protection from cold
 O - the ring of the Oligarchy (right hand) {rN+ Str+4 Dex+4}
   (You found it in the Dungeon)

   [ring of positive energy]

   It affects your strength (+4).
   It affects your dexterity (+4).
   It protects you from negative energy.
 P - the amulet of Leaves {RegenMP Str+2}
   (You found it in the Dungeon)

   [amulet of magic regeneration]

   It increases your magic regeneration.
   It affects your strength (+2).
 Q - the ring of Lies (left hand) {+Blink MR+ Str+6}
   (You found it in the Dungeon)

   [ring of strength]

   It affects your strength (+6).
   It affects your resistance to hostile enchantments.
   It lets you blink.
 R - an uncursed amulet of regeneration
 S - the ring "Jaipe" {rC+ Dex+7 SInv}
   (You found it in the Dungeon)

   [ring of see invisible]

   It affects your dexterity (+7).
   It protects you from cold.
   It lets you see invisible.
 V - an uncursed ring of protection from fire
 Y - a +4 amulet of reflection (around neck)
 Z - a +5 ring of dexterity
Wands
 u - a wand of disintegration (6)
 v - a wand of iceblast (3)
 w - a wand of acid (7)
 M - a wand of paralysis (23)
Scrolls
 a - 4 scrolls of amnesia
 c - 8 scrolls of fog
 j - 4 scrolls of blinking
 k - 2 scrolls of holy word
 l - 5 scrolls of identify
 m - 5 scrolls of remove curse
 n - 2 scrolls of fear
 y - 5 scrolls of enchant armour
Potions
 b - a potion of lignification
 e - 10 potions of curing
 f - 14 potions of heal wounds
 g - 10 potions of haste
 h - 5 potions of magic
 i - 3 potions of berserk rage
 o - 2 potions of brilliance
 p - 2 potions of invisibility
 q - 4 potions of resistance
 s - 7 potions of agility
 t - 6 potions of might
Miscellaneous
 L - 10 phantom mirrors
Comestibles
 d - a ration


   Skills:
 O Level 27 Fighting
 O Level 27 Maces & Flails
 O Level 27 Slings
 + Level 12.7(17.9) Throwing
 O Level 27 Armour
 O Level 27 Dodging
 - Level 1.1 Stealth
 O Level 27 Shields
 O Level 27 Unarmed Combat
 O Level 27 Spellcasting
 O Level 27 Invocations
 O Level 27 Evocations


You had 79 spell levels left.
You didn't know any spells.

Dungeon Overview and Level Annotations

Branches:
Dungeon (1/1)

Altars:
Ashenzari
Cheibriados
Dithmenos
Elyvilon
Fedhas
Gozag
Hepliaklqana
Kikubaaqudgha
Makhleb
Nemelex Xobeh
Okawaru
Qazlal
Ru
Sif Muna
Trog
Uskayaw
Vehumet
Wu Jian
Xom
Yredelemnul
Zin
The Shining One
Beogh
Jiyva
Lugonu


Innate Abilities, Weirdness & Mutations

You are small and have problems with some larger weapons.
You are somewhat resistant to further mutation.


Message History

You start resting.
You start resting.
You start resting.
You are near starving!
F - 949 sling bullets (gained 3)
There is a staircase leading out of the dungeon here.
You start resting.
HP restored.
You start waiting.
Done waiting.
You start waiting.
You are starving!
You eat one of the 2 rations.
That ration really hit the spot!
There is a staircase leading out of the dungeon here.
Okay, then.
You feel more experienced!
Your base Throwing skill increases to level 12!
You have reached level 26!
There is a staircase leading out of the dungeon here.
You have escaped!

).=).).)....▓..▓.......▓..▓...8©8
.)....).....▓.▓.▓.....▓.▓.▓..=.))
.).....[....▓..▓.......▓..▓..[|))
÷))...÷.....▓.≈...........▓......
............▓...≈..©......▓......
............▓▓▓▓▓▓▓▓▓▓▓▓▓▓▓......
...)........▓8888888888888▓......
▓)).....▓...▓8.§.........8▓......
..).........▓8.§@.....©..8▓......
............▓8.§.§§......8▓....©.
....©.......▓8888888888888▓▓▓▓▓▓▓
▓▓▓▓▓▓▓▓▓▓▓▓▓▓▓▓▓▓▓▓▓▓▓▓▓▓▓▓▓▓▓▓▓
...).8©8........▓.......)8©8.[..|
.).)}=.["..)}.)[▓.")==):".").....
.|:|::..}).)[=..▓.")}}:|)}[..)...
)).=))......::..▓.":[|:)):..=....
.....).).....|..▓.......:=:......


There were no monsters in sight!

Vanquished Creatures
  A shard shrike (D)
  A Brimstone Fiend (D)
  A Tzitzimitl (D)
  74 pandemonium lords (D)
  Rupert (D)
  An Ice Fiend (D)
  3 deep elf master archers (D)
  An Orb Guardian (D)
  Frances (D)
  2 Executioners (D)
  7 acid blobs (D)
  An eldritch tentacle (D)
  Polyphemus (D)
  A thorn hunter (D)
  2 tentacled starspawn (D)
  3 draconian monks (D)
  2 nagarajas (D)
  2 shadow dragons (D)
  10 azure jellies (D)
  4 draconian knights (D)
  A frost giant (D)
  A fire giant (D)
  2 balrugs (D)
  4 draconian shifters (D)
  A draconian stormcaller (D)
  2 warmongers (D)
  4 draconian scorchers (D)
  3 cacodemons (D)
  Aizul (D)
  3 draconian annihilators (D)
  2 reapers (D)
  3 corrupters (D)
  5 stone giants (D)
  11 green draconians (D)
  A blood saint (D)
  7 red draconians (D)
  6 purple draconians (D)
  7 white draconians (D)
  7 yellow draconians (D)
  5 black draconians (D)
  A lorocyproca (D)
  Snorg (D)
  4 blizzard demons (D)
  A green death (D)
  17 death oozes (D)
  4 yaktaur captains (D)
  A deep elf high priest (D)
  Erolcha (D)
  Harold (D)
  9 great orbs of eyes (D)
  3 spriggan air magi (D)
  A monstrous demonspawn (D)
  A hell beast (D)
  3 ice dragons (D)
  A rakshasa (D)
  2 centaur warriors (D)
  Erica (D)
  2 two-headed ogres (D)
  3 hell hogs (D)
  3 dancing weapons (D)
  3 spriggan berserkers (D)
  5 soul eaters (D)
  A deep elf knight (D)
  A thrashing horror (D)
  A sun demon (D)
  2 skeletal warriors (D)
  A spriggan (D)
  2 sixfirhies (D)
  2 glowing orange brains (D)
  A torturous demonspawn (D)
  Pikel (D)
  8 deep elf magi (D)
  6 shining eyes (D)
  10 cyclopes (D)
  A faun (D)
  A guardian serpent (D)
  2 black mambas (D)
  A smoke demon (D)
  Maurice (D)
  A naga mage (D)
  A spiny frog (shapeshifter) (D)
  3 orange demons (D)
  9 eyes of devastation (D)
  2 tormentors (D)
  A hellion (D)
  3 efreet (D)
  10 ice devils (D)
  4 rime drakes (D)
  2 yaktaurs (D)
  8 freezing wraiths (D)
  A demonic crawler (D)
  A red devil (D)
  4 merfolk (D)
  2 trolls (D)
  4 polar bears (D)
  39 slime creatures (D)
  A hornet (D)
  A hippogriff (D)
  3 flying skulls (D)
  2 yaks (D)
  A ynoxinul (D)
  4 golden eyes (D)
  2 chaos spawn (D)
  A neqoxec (D)
  A water elemental (D)
  2 fire elementals (D)
  A fire bat (D)
  A hungry ghost (D)
  A basilisk (D)
  Edmund (D)
  4 water moccasins (D)
  2 large abominations (D)
  Duvessa (D)
  A hell hound (D)
  A floating eye (D)
  A porcupine (D)
  2 ice beasts (D)
  2 phantoms (D)
  A small abomination (D)
  2 necrophages (D)
  3 eyes of draining (D)
  5 centaurs (D)
  A wolf (D)
  A bullfrog (D)
  3 wights (D)
  2 crimson imps (D)
  A quasit (D)
  15 jellies (D)
  An orc priest (D)
  An iron imp (D)
  An orc wizard (D)
  4 adders (D)
  3 shadow imps (D)
  3 white imps (D)
  An ooze (D)
  3 adder zombies (D)
  3 adder skeletons (D)
  An adder simulacrum (D)
  A spectral bat (D)
  8 ball pythons (D)
  6 bat skeletons (D)
  6 bat zombies (D)
  3 giant cockroach zombies (D)
  A jackal simulacrum (D)
  2 jackal zombies (D)
  A leopard gecko skeleton (D)
  A leopard gecko zombie (D)
  2 spectral giant cockroaches (D)
  A spectral jackal (D)
  A butterfly (D)
  3 fire vortices (D)
  3 starspawn tentacles (D)
530 creatures vanquished.

Vanquished Creatures (collateral kills)
  A pandemonium lord (D)
  3 nagarajas (D)
  A naga warrior (D)
  A naga mage (D)
6 creatures vanquished.

Vanquished Creatures (others)
  An eldritch tentacle (D)
  3 starspawn tentacles (D)
4 creatures vanquished.

Grand Total: 540 creatures vanquished

Notes
Turn   | Place    | Note
-------+----------+-------------------------------------------
     0 | D        | Found the +6 Majin-Bo {vamp, Archmagi MP+6 Int+6}
     0 | D        | Found the +7 great mace "Firestarter" {inner flame, rF++}
     0 | D        | Groucho the Halfling Wanderer began the quest for the Orb.
     0 | D        | Groucho set off with: a +2 scale mail, a potion of lignification, a +0 mace, a ration, a potion of curing, a potion of heal wounds, a potion of haste, 2 potions of magic, a potion of berserk rage, a scroll of blinking
     0 | D        | Reached XP level 1. HP: 13/13 MP: 1/1
     7 | D        | Found a deep blue altar of Sif Muna.
     7 | D        | Found a bloodstained altar of Trog.
     7 | D        | Found a sacrificial altar of Ru.
     7 | D        | Found a stormy altar of Qazlal.
     7 | D        | Found an iron altar of Okawaru.
    13 | D        | Found a sparkling altar of Nemelex Xobeh.
    14 | D        | Found an ancient bone altar of Kikubaaqudgha.
    14 | D        | Found a transporter.
    14 | D        | Found a corrupted altar of Lugonu.
    14 | D        | Found a viscous altar of Jiyva.
    14 | D        | Found a burning altar of Makhleb.
    14 | D        | Found a hazy altar of Hepliaklqana.
    14 | D        | Found an opulent altar of Gozag.
    18 | D        | Found a blossoming altar of Fedhas.
    61 | D        | Found the +9 heavy crossbow "Sniper" {velocity, Acc+∞ SInv}
    61 | D        | Found the +10 dark maul {crush}
    61 | D        | Found the +15 Maxwell's patent armour {-Cast -Tele rElec MR+ rCorr}
    61 | D        | Found the +18 shield of the Gong {rElec rN+ MR+ EV-5}
    61 | D        | Found the cursed +14 obsidian axe {chop, +Fly SInv *Curse}
    63 | D        | Found the +6 shillelagh "Devastator" {shatter}
    63 | D        | Found the +11 plutonium sword {*Contam Stlth-}
    63 | D        | Found the +8 lance "Wyrmbane" {slay drac, rPois rF+ rC+ AC+3}
    63 | D        | Found the +9 sword of Zonguldrok {reap}
    63 | D        | Found the cursed +13 scythe of Curses {drain, *Curse}
    63 | D        | Found the +0 sword of Power
    63 | D        | Found the +12 mace of Variability {chaos}
    63 | D        | Found the +7 Singing Sword
    63 | D        | Found the +7 longbow "Piercer" {penet, EV-2}
    72 | D        | Became a worshipper of Qazlal Stormbringer
   108 | D        | Entered arena 2.
   108 | D        | Noticed an orc wizard
   108 | D        | Noticed an orc priest
   108 | D        | Found a transporter.
   109 | D        | Killed an orc priest
   109 | D        | Reached skill level 5 in Armour
   109 | D        | Reached XP level 2. HP: 20/20 MP: 1/4
   109 | D        | Reached XP level 3. HP: 25/25 MP: 1/5
   110 | D        | Reached skill level 5 in Slings
   110 | D        | Reached XP level 4. HP: 31/31 MP: 1/6
   261 | D        | Entered arena 3.
   261 | D        | Found a transporter.
   262 | D        | Reached * piety under Qazlal
   275 | D        | Entered arena 4.
   275 | D        | Noticed a phantom
   275 | D        | Found a transporter.
   277 | D        | Reached ** piety under Qazlal
   282 | D        | Reached XP level 5. HP: 37/37 MP: 6/8
   291 | D        | Killed a phantom
   291 | D        | Reached skill level 5 in Invocations
   291 | D        | Reached XP level 6. HP: 39/45 MP: 7/10
   505 | D        | Entered arena 5.
   505 | D        | Noticed a tentacled starspawn
   505 | D        | Found a transporter.
   506 | D        | Reached *** piety under Qazlal
   506 | D        | Reached skill level 5 in Fighting
   511 | D        | Killed a tentacled starspawn
   511 | D        | Reached **** piety under Qazlal
   511 | D        | Reached skill level 10 in Armour
   511 | D        | Reached XP level 7. HP: 56/56 MP: 10/14
   511 | D        | Reached XP level 8. HP: 62/62 MP: 10/15
   511 | D        | Reached XP level 9. HP: 67/67 MP: 10/16
   702 | D        | Entered arena 6.
   702 | D        | Noticed a deep elf knight
   702 | D        | Noticed a deep elf mage
   702 | D        | Noticed a battleaxe of freezing
   702 | D        | Noticed a deep elf mage
   702 | D        | Noticed a deep elf mage
   702 | D        | Found a transporter.
   705 | D        | Noticed a jumping spider
   705 | D        | Killed a deep elf knight
   705 | D        | Reached skill level 10 in Invocations
   706 | D        | Killed a deep elf mage
   706 | D        | Reached skill level 10 in Shields
   706 | D        | Reached XP level 10. HP: 74/74 MP: 8/18
   712 | D        | Killed a deep elf mage
   718 | D        | Killed a deep elf mage
   719 | D        | Killed a battleaxe of freezing
   719 | D        | Reached skill level 10 in Fighting
  1036 | D        | Got the ring of Kotautai {Int+6 Stlth-}
  1256 | D        | Entered arena 7.
  1259 | D        | Reached ***** piety under Qazlal
  1273 | D        | Reached skill level 15 in Slings
  1523 | D        | Found a transporter.
  1543 | D        | Got the ring of the Oligarchy {rN+ Str+4 Dex+4}
  1561 | D        | Entered arena 8.
  1566 | D        | Reached XP level 11. HP: 82/82 MP: 15/20
  1567 | D        | Found a transporter.
  1592 | D        | Entered arena 9.
  1594 | D        | Reached ****** piety under Qazlal
  1603 | D        | Found a transporter.
  1615 | D        | Identified the Disquisition on Shifting Cold (You found it in the Dungeon)
  1823 | D        | Entered arena 10.
  1827 | D        | Found a transporter.
  2082 | D        | Entered arena 11.
  2082 | D        | Noticed a hell hog
  2082 | D        | Noticed a hell hog
  2082 | D        | Noticed a hell hog
  2083 | D        | Found a transporter.
  2084 | D        | Killed a hell hog
  2084 | D        | Killed a hell hog
  2084 | D        | Killed a hell hog
  2354 | D        | Entered arena 12.
  2354 | D        | Noticed a spriggan rider
  2354 | D        | Noticed a spriggan berserker
  2354 | D        | Noticed a spriggan air mage
  2354 | D        | Noticed a thorn hunter
  2355 | D        | Noticed a spriggan air mage
  2355 | D        | Noticed a spriggan berserker
  2355 | D        | Noticed a faun
  2355 | D        | Noticed a spriggan air mage
  2355 | D        | Noticed a spriggan berserker
  2356 | D        | Killed a faun
  2356 | D        | Killed a spriggan air mage
  2356 | D        | Killed a spriggan air mage
  2356 | D        | Reached XP level 12. HP: 91/91 MP: 22/22
  2356 | D        | Killed a spriggan rider
  2357 | D        | Killed a spriggan berserker
  2357 | D        | Killed a spriggan air mage
  2357 | D        | Killed a spriggan berserker
  2357 | D        | Killed a spriggan berserker
  2357 | D        | Reached skill level 15 in Armour
  2357 | D        | Killed a thorn hunter
  2358 | D        | Found a transporter.
  2773 | D        | Entered arena 13.
  2773 | D        | Noticed a tentacled starspawn
  2774 | D        | Found the +8 demon blade "Leech" {vamp, rN+ AC-3 EV-3}
  2774 | D        | Noticed a sixfirhy
  2774 | D        | Noticed a thrashing horror
  2774 | D        | Noticed a rakshasa
  2775 | D        | Killed a sixfirhy
  2775 | D        | Killed a rakshasa
  2775 | D        | Reached skill level 15 in Invocations
  2775 | D        | Killed a tentacled starspawn
  2775 | D        | Killed a thrashing horror
  2775 | D        | Reached skill level 15 in Shields
  2775 | D        | Reached XP level 13. HP: 99/99 MP: 24/24
  2778 | D        | Found a transporter.
  2807 | D        | Entered arena 14.
  2808 | D        | Noticed a deep elf high priest
  2809 | D        | Noticed a deep elf master archer
  2811 | D        | Killed a deep elf high priest
  2811 | D        | Killed a deep elf master archer
  2813 | D        | Found a transporter.
  2862 | D        | Entered arena 15.
  2863 | D        | Noticed a stone giant
  2863 | D        | Noticed a fire giant
  2863 | D        | Noticed a stone giant
  2864 | D        | Noticed a frost giant
  2865 | D        | Found the +5 scythe "Finisher" {speed, Str+3}
  2865 | D        | Found a transporter.
  2866 | D        | Killed a fire giant
  2866 | D        | Killed a stone giant
  2866 | D        | Killed a stone giant
  2867 | D        | Reached XP level 14. HP: 61/108 MP: 13/26
  2869 | D        | Killed a frost giant
  3119 | D        | Got the ring of Huq Fac Juz {Str-4 Int+4 Slay+5 SInv}
  3135 | D        | Entered arena 16.
  3136 | D        | Noticed Frances
  3136 | D        | Noticed Maurice
  3136 | D        | Noticed Erolcha
  3136 | D        | Noticed Aizul
  3136 | D        | Noticed Edmund
  3136 | D        | Noticed Pikel
  3136 | D        | Noticed Snorg
  3136 | D        | Noticed Harold
  3136 | D        | Noticed Duvessa
  3137 | D        | Found the +3 hat of Pondering {ponderous, MR+ MP+10 Int+5}
  3137 | D        | Noticed Polyphemus
  3137 | D        | Noticed Erica
  3137 | D        | Noticed Rupert
  3138 | D        | Found the +8 glaive of the Guard {elec, +Rage AC+5 SInv}
  3138 | D        | Killed Erolcha
  3138 | D        | Killed Duvessa
  3138 | D        | Killed Pikel
  3138 | D        | Reached skill level 15 in Fighting
  3138 | D        | Killed Maurice
  3138 | D        | Killed Harold
  3139 | D        | Killed Frances
  3139 | D        | Killed Aizul
  3139 | D        | Killed Erica
  3139 | D        | Killed Rupert
  3139 | D        | Killed Polyphemus
  3139 | D        | Killed Snorg
  3139 | D        | Killed Edmund
  3436 | D        | Found a transporter.
  3514 | D        | Entered arena 17.
  3516 | D        | Noticed a nagaraja
  3517 | D        | Noticed a nagaraja
  3517 | D        | Noticed a nagaraja
  3518 | D        | Noticed a nagaraja
  3518 | D        | Noticed a nagaraja
  3518 | D        | Killed a nagaraja
  3518 | D        | Killed a nagaraja
  3525 | D        | Killed a nagaraja
  3526 | D        | Killed a nagaraja
  3527 | D        | Killed a nagaraja
  3527 | D        | Reached XP level 15. HP: 79/117 MP: 8/28
  3775 | D        | Found a transporter.
  3793 | D        | Entered arena 18.
  3795 | D        | Noticed a shadow dragon
  3797 | D        | Noticed a shadow dragon
  3806 | D        | Killed a shadow dragon
  3806 | D        | Killed a shadow dragon
  3813 | D        | Found the +8 whip "Snakebite" {curare, rPois}
  3813 | D        | Found a transporter.
  4188 | D        | Entered arena 19.
  4192 | D        | Found the +2 shield of Resistance {rF+ rC+ MR+}
  4199 | D        | Found a transporter.
  4227 | D        | Got the ring "Jaipe" {rC+ Dex+7 SInv}
  4230 | D        | Got the ring of Beauty {rElec Stlth-}
  4418 | D        | Entered arena 20.
  4422 | D        | Noticed a stone giant
  4422 | D        | Noticed a deep elf master archer
  4422 | D        | Noticed a deep elf master archer
  4423 | D        | Noticed a stone giant
  4424 | D        | Noticed a stone giant
  4425 | D        | Found a transporter.
  4427 | D        | Killed a stone giant
  4427 | D        | Killed a deep elf master archer
  4429 | D        | Killed a stone giant
  4437 | D        | Killed a deep elf master archer
  4438 | D        | Killed a stone giant
  4443 | D        | Reached XP level 16. HP: 71/127 MP: 30/30
  4710 | D        | Got the ring of Iwuetiapt {Ice +Blink rN+}
  4881 | D        | Entered arena 21.
  4901 | D        | Noticed an Ice Fiend
  4902 | D        | Killed an Ice Fiend
  4917 | D        | Found a transporter.
  4976 | D        | Entered arena 22.
  4980 | D        | Noticed a red draconian knight
  4980 | D        | Noticed a black draconian monk
  4981 | D        | Killed a red draconian knight
  4984 | D        | Reached skill level 27 in Slings
  4984 | D        | Killed a black draconian monk
  4984 | D        | Reached XP level 17. HP: 107/136 MP: 32/32
  5027 | D        | Found a transporter.
  5063 | D        | Identified a +2 pair of boots of running (You found it in the Dungeon)
  5088 | D        | Got the ring "Tymiseisk" {+Fly rElec rPois Dex+7 Slay-4}
  5271 | D        | Entered arena 23.
  5279 | D        | Reached skill level 1 in Dodging
  5279 | D        | Reached skill level 5 in Dodging
  5279 | D        | Reached skill level 10 in Dodging
  5291 | D        | Reached XP level 18. HP: 79/149 MP: 30/34
  5493 | D        | Found a transporter.
  5591 | D        | Got the +9 hunting sling of Risk Management {freeze, rN+}
  5643 | D        | Entered arena 24.
  5652 | D        | Noticed a shard shrike
  5653 | D        | Found the +2 cloak of the Thief {+Fog Slay-2 SInv Stlth+}
  5656 | D        | Killed a shard shrike
  5679 | D        | Found a transporter.
  5740 | D        | Got the ring of Dithmenos's Hope {rElec rN++ MP+9 Str-2 Dex+2}
  5764 | D        | Entered arena 25.
  5771 | D        | Noticed an acid blob
  5772 | D        | Noticed an acid blob
  5773 | D        | Noticed an acid blob
  5773 | D        | Noticed an acid blob
  5773 | D        | Noticed an acid blob
  5774 | D        | Killed an acid blob
  5774 | D        | Killed an acid blob
  5775 | D        | Killed an acid blob
  5775 | D        | Killed an acid blob
  5775 | D        | Killed an acid blob
  5775 | D        | Reached skill level 15 in Dodging
  6015 | D        | Found a transporter.
  6045 | D        | Got the ring of Lies {+Blink MR+ Str+6}
  6090 | D        | Entered arena 26.
  6098 | D        | Noticed Kikecer the pandemonium lord
  6098 | D        | Noticed Jituel the pandemonium lord
  6098 | D        | Noticed Bizxetwene the pandemonium lord
  6098 | D        | Noticed Anafaipp the pandemonium lord
  6098 | D        | Noticed Bimaic the pandemonium lord
  6098 | D        | Noticed Etzeren the pandemonium lord
  6098 | D        | Noticed Ceanutti the pandemonium lord
  6098 | D        | Noticed Lotavett the pandemonium lord
  6098 | D        | Noticed Otepig the pandemonium lord
  6098 | D        | Noticed Qicum the pandemonium lord
  6099 | D        | Noticed Vuxkis the pandemonium lord
  6099 | D        | Noticed Jeuram the pandemonium lord
  6099 | D        | Noticed Zody the pandemonium lord
  6099 | D        | Noticed Raycsav the pandemonium lord
  6099 | D        | Noticed Cecahuhi the pandemonium lord
  6099 | D        | Noticed Utouta the pandemonium lord
  6099 | D        | Noticed Syquth the pandemonium lord
  6099 | D        | Noticed Pogungu the pandemonium lord
  6100 | D        | Found the +7 sceptre of Torment
  6100 | D        | Found the +4 dagger "Morg" {pain, MR+ Int+5}
  6100 | D        | Noticed Emeim the pandemonium lord
  6100 | D        | Noticed Ukhluj the pandemonium lord
  6100 | D        | Noticed Vilerul the pandemonium lord
  6100 | D        | Noticed a Tzitzimitl
  6100 | D        | Killed Qicum the pandemonium lord
  6100 | D        | Noticed Sitsipn the pandemonium lord
  6100 | D        | Noticed Iluodose the pandemonium lord
  6100 | D        | Noticed Huamno the pandemonium lord
  6101 | D        | Noticed an Ice Fiend
  6101 | D        | Noticed Ivaudgh the pandemonium lord
  6101 | D        | Noticed Guzijog the pandemonium lord
  6101 | D        | Noticed Jiuthram the pandemonium lord
  6101 | D        | Noticed Zeweg the pandemonium lord
  6101 | D        | Killed Otepig the pandemonium lord
  6101 | D        | Reached XP level 19. HP: 160/160 MP: 36/36
  6101 | D        | Killed Ceanutti the pandemonium lord
  6101 | D        | Reached skill level 27 in Armour
  6101 | D        | Killed Utouta the pandemonium lord
  6101 | D        | Reached skill level 27 in Invocations
  6101 | D        | Reached skill level 27 in Shields
  6101 | D        | Killed Cecahuhi the pandemonium lord
  6101 | D        | Killed Bimaic the pandemonium lord
  6101 | D        | Killed Etzeren the pandemonium lord
  6101 | D        | Killed Zody the pandemonium lord
  6101 | D        | Killed a Tzitzimitl
  6101 | D        | Killed Emeim the pandemonium lord
  6101 | D        | Killed Anafaipp the pandemonium lord
  6101 | D        | Killed Kikecer the pandemonium lord
  6101 | D        | Reached XP level 20. HP: 176/176 MP: 37/37
  6101 | D        | Killed Vuxkis the pandemonium lord
  6101 | D        | Reached skill level 27 in Fighting
  6101 | D        | Killed Syquth the pandemonium lord
  6101 | D        | Killed Pogungu the pandemonium lord
  6101 | D        | Killed Guzijog the pandemonium lord
  6101 | D        | Reached skill level 27 in Dodging
  6101 | D        | Killed Lotavett the pandemonium lord
  6101 | D        | Killed Zeweg the pandemonium lord
  6101 | D        | Killed Iluodose the pandemonium lord
  6101 | D        | Killed Soyv Ryg the pandemonium lord
  6102 | D        | Noticed Cepsolur the pandemonium lord
  6103 | D        | Noticed Miulask the pandemonium lord
  6108 | D        | Noticed Utaof the pandemonium lord
  6109 | D        | Killed Cepsolur the pandemonium lord
  6111 | D        | Killed Utaof the pandemonium lord
  6111 | D        | Killed Bizxetwene the pandemonium lord
  6111 | D        | Reached XP level 21. HP: 183/183 MP: 16/38
  6111 | D        | Killed Sitsipn the pandemonium lord
  6113 | D        | Killed Ukhluj the pandemonium lord
  6113 | D        | Killed Jituel the pandemonium lord
  6113 | D        | Killed Jiuthram the pandemonium lord
  6113 | D        | Reached skill level 27 in Evocations
  6113 | D        | Killed Huamno the pandemonium lord
  6113 | D        | Reached skill level 10 in Spellcasting
  6122 | D        | Killed Miulask the pandemonium lord
  6122 | D        | Killed Ivaudgh the pandemonium lord
  6122 | D        | Killed Raycsav the pandemonium lord
  6122 | D        | Killed Vilerul the pandemonium lord
  6122 | D        | Killed Jeuram the pandemonium lord
  6122 | D        | Reached XP level 22. HP: 124/190 MP: 32/43
  6125 | D        | Noticed Agan the pandemonium lord
  6129 | D        | Found a transporter.
  6137 | D        | Killed Agan the pandemonium lord
  6333 | D        | Got the ring of the Past {Str+4 Int+2 Dex+3}
  6339 | D        | Got the amulet "Faseax" {Inacc MP+9 Dex+2}
  6347 | D        | Got the ring of Huixyrud {+Blink rN+}
  6360 | D        | Got the amulet of Leaves {RegenMP Str+2}
  6362 | D        | Got the ring of Ninwat {rElec EV+4 Str+3 Dex-2 Slay+2}
  6369 | D        | Got the ring "Luan" {-Tele rN+++ MR+++ Dex-5 Stlth+}
  6383 | D        | Got the ring "Neteoju Cea" {rElec rPois rF- MR+++ EV+4}
  6409 | D        | Entered arena 27.
  6416 | D        | Noticed Fieten the pandemonium lord
  6417 | D        | Noticed Boin the pandemonium lord
  6417 | D        | Noticed Erourai the pandemonium lord
  6417 | D        | Noticed West the pandemonium lord
  6417 | D        | Noticed Suwaf the pandemonium lord
  6417 | D        | Noticed Doejulud the pandemonium lord
  6417 | D        | Noticed Cogogyte the pandemonium lord
  6417 | D        | Noticed Ebbedem the pandemonium lord
  6417 | D        | Noticed Kottie the pandemonium lord
  6418 | D        | Noticed Cogauro the pandemonium lord
  6418 | D        | Noticed Soopemong the pandemonium lord
  6418 | D        | Noticed Sys Vorr the pandemonium lord
  6418 | D        | Noticed Ohijameh the pandemonium lord
  6418 | D        | Noticed Mecubb Kubb the pandemonium lord
  6418 | D        | Noticed Epulitofi the pandemonium lord
  6418 | D        | Noticed Qecikodu the pandemonium lord
  6418 | D        | Noticed Bofriap the pandemonium lord
  6418 | D        | Noticed Tequgus the pandemonium lord
  6418 | D        | Noticed Xuethycw the pandemonium lord
  6418 | D        | Noticed Suad the pandemonium lord
  6418 | D        | Noticed Zoong the pandemonium lord
  6418 | D        | Noticed Uhiajut the pandemonium lord
  6418 | D        | Noticed Heppec the pandemonium lord
  6419 | D        | Noticed Wel Laatt the pandemonium lord
  6419 | D        | Noticed Kozumezo the pandemonium lord
  6419 | D        | Noticed Widducen the pandemonium lord
  6419 | D        | Noticed Bylel the pandemonium lord
  6419 | D        | Killed Doejulud the pandemonium lord
  6419 | D        | Killed Epulitofi the pandemonium lord
  6419 | D        | Killed Cogogyte the pandemonium lord
  6420 | D        | Noticed Xecochierch the pandemonium lord
  6420 | D        | Noticed Fil Epse the pandemonium lord
  6420 | D        | Noticed Nuosutoni the pandemonium lord
  6420 | D        | Noticed Mazowed the pandemonium lord
  6420 | D        | Killed Cogauro the pandemonium lord
  6420 | D        | Killed Suwaf the pandemonium lord
  6420 | D        | Killed Tequgus the pandemonium lord
  6420 | D        | Killed Kozumezo the pandemonium lord
  6420 | D        | Killed Kottie the pandemonium lord
  6420 | D        | Killed Soopemong the pandemonium lord
  6420 | D        | Killed Mecubb Kubb the pandemonium lord
  6420 | D        | Killed Suad the pandemonium lord
  6421 | D        | Noticed Onasiepp the pandemonium lord
  6421 | D        | Killed Zoong the pandemonium lord
  6422 | D        | Killed Sys Vorr the pandemonium lord
  6422 | D        | Killed Ebbedem the pandemonium lord
  6422 | D        | Reached XP level 23. HP: 197/197 MP: 28/53
  6422 | D        | Killed Erourai the pandemonium lord
  6422 | D        | Reached skill level 27 in Spellcasting
  6422 | D        | Killed Fieten the pandemonium lord
  6422 | D        | Killed Boin the pandemonium lord
  6422 | D        | Killed Fil Epse the pandemonium lord
  6422 | D        | Killed Nuosutoni the pandemonium lord
  6422 | D        | Killed Onasiepp the pandemonium lord
  6424 | D        | Killed Ohijameh the pandemonium lord
  6424 | D        | Killed Qecikodu the pandemonium lord
  6424 | D        | Killed Xecochierch the pandemonium lord
  6424 | D        | Killed Bofriap the pandemonium lord
  6426 | D        | Noticed Afauhuzu the pandemonium lord
  6427 | D        | Noticed Raorreph the pandemonium lord
  6428 | D        | Noticed Duruess the pandemonium lord
  6428 | D        | Noticed Rihyabba the pandemonium lord
  6430 | D        | Noticed Tuheu the pandemonium lord
  6430 | D        | Killed Xuethycw the pandemonium lord
  6430 | D        | Killed Mazowed the pandemonium lord
  6430 | D        | Killed Bylel the pandemonium lord
  6430 | D        | Killed Uhiajut the pandemonium lord
  6430 | D        | Killed Widducen the pandemonium lord
  6430 | D        | Killed Fyipnu the pandemonium lord
  6430 | D        | Killed Rihyabba the pandemonium lord
  6430 | D        | Killed Wel Laatt the pandemonium lord
  6430 | D        | Reached skill level 27 in Maces & Flails
  6430 | D        | Reached XP level 24. HP: 124/204 MP: 8/54
  6430 | D        | Killed Raorreph the pandemonium lord
  6430 | D        | Killed Duruess the pandemonium lord
  6430 | D        | Killed Afauhuzu the pandemonium lord
  6430 | D        | Reached skill level 15 in Unarmed Combat
  6430 | D        | Killed Tuheu the pandemonium lord
  6432 | D        | Noticed Goclak the pandemonium lord
  6433 | D        | Noticed Niffuteh the pandemonium lord
  6436 | D        | Killed West the pandemonium lord
  6436 | D        | Killed Heppec the pandemonium lord
  6436 | D        | Killed Goclak the pandemonium lord
  6437 | D        | Killed Niffuteh the pandemonium lord
  6438 | D        | Noticed Qienu the pandemonium lord
  6446 | D        | Killed Qienu the pandemonium lord
  6826 | D        | Found a transporter.
  6832 | D        | Got the ring of Peusolut {rCorr Stlth+}
  6886 | D        | Entered arena 28.
  6896 | D        | Found a transporter.
  6897 | D        | Found the amulet of the Four Winds {rN+ MR+++ Clar}
  6897 | D        | Reached XP level 25. HP: 210/210 MP: 53/54
  6909 | D        | Reached skill level 27 in Unarmed Combat
  7008 | D        | Got the Orb of Zot
  7962 | D        | Noticed Uwerugal the pandemonium lord
  7967 | D        | Killed Uwerugal the pandemonium lord
  7967 | D        | Reached skill level 10 in Throwing
  8280 | D        | Reached XP level 26. HP: 217/217 MP: 54/54
  8284 | D        | Escaped with the Orb!

Skill      XL: |  1  2  3  4  5  6  7  8  9 10 11 12 13 14 15 16 17 18 19 20 21 22 23 24 25 |
---------------+----------------------------------------------------------------------------+-----
Fighting       | 2 3 4 8 9 10 12 13 14 16 17 19 21 23 26 27 | 27.0
Slings         | 4 5 6 7 12 13 15 17 19 21 23 25 27 | 27.0
Armour         | 5 6 7 10 11 12 14 15 17 19 20 22 24 26 27 | 27.0
Invocations    | 3 4 5 9 10 12 13 15 17 18 20 22 24 26 27 | 27.0
Shields        | 2 4 9 10 11 13 15 16 18 20 22 24 26 27 | 27.0
Dodging        | 11 16 23 27 | 27.0
Evocations     | 23 27 | 27.0
Spellcasting   | 17 26 27 | 27.0
Maces & Flails | 27 | 27.0
Unarmed Combat | 4 25 27 | 27.0
Throwing       | 12 | 12.7
Stealth        | |  1.1

Action                   |  1- 3 |  4- 6 |  7- 9 | 10-12 | 13-15 | 16-18 | 19-21 | 22-24 | 25-27 || total
-------------------------+-------+-------+-------+-------+-------+-------+-------+-------+-------++-------
Melee: Shillelagh        |       |    19 |       |    12 |       |       |       |       |       ||    31
 Fire: Fustibalus        |       |       |       |    24 |    35 |   106 |    11 |    20 |    24 ||   220
Invok: Upheaval          |       |       |     2 |    14 |     2 |       |       |     5 |     1 ||    24
       Disaster Area     |       |       |       |     4 |    13 |    13 |     3 |     9 |     3 ||    45
       Elemental Force   |       |       |       |       |     1 |       |     3 |       |       ||     4
 Abil: Evoke Blink       |       |       |       |       |       |       |     2 |     5 |     1 ||     8
Evoke: Wand              |     1 |     3 |     1 |       |       |       |       |       |       ||     5
  Use: Scroll            |       |     1 |       |       |    10 |     7 |       |       |       ||    18
       Potion            |       |       |       |     1 |     1 |     3 |     1 |     1 |     1 ||     8
  Eat: Ration            |       |       |       |     2 |     1 |     2 |       |       |     2 ||     7
Armor: Plate armour      |       |     4 |     2 |    16 |    11 |       |       |       |       ||    33
       Gold dragon scale |       |       |       |       |       |     8 |     4 |     2 |     3 ||    17
Dodge: Deflected         |       |       |       |     1 |     3 |       |       |       |       ||     4
       Dodged            |       |       |       |     1 |     6 |     5 |     1 |     8 |     2 ||    23
Block: Shield            |       |    21 |     3 |    53 |    89 |    37 |    20 |    15 |    29 ||   267
       Reflection        |       |       |       |       |       |       |       |       |     1 ||     1
